 Dungeon Crawl Stone Soup version 0.31-a0-569-g7ea453304b (webtiles) character file.

Game seed: 965161829853587701

122 Bnni the Digger (level 5, -3/37 HPs)
             Began as a Formicid Earth Elementalist on Aug 18, 2023.
             Slain by a river rat (5 damage)
             ... in a sewer.
             The game lasted 00:04:18 (2168 turns).

Bnni the Digger (Formicid Earth Elementalist)       Turns: 2168, Time: 00:04:19

Health: -3/37      AC:  4    Str: 13    XL:     5   Next: 27%
Magic:  0/8        EV: 12    Int: 16    God:
Gold:   179        SH:  0    Dex: 14    Spells: 8/9 levels left

rFire   . . .        f - +0 short sword
rCold   . . .        (no shield)
rNeg    . . .        a - +0 robe
rPois   .            (helmet unavailable)
rElec   .            (no cloak)
rCorr   .            k - +0 pair of gloves
SInv    +            l - +0 pair of boots
Will    .....        (no amulet)
Stlth   ++           (no ring)
HPRegen 0.26/turn    (no ring)
MPRegen 0.11/turn

%: no passive effects
@: no status effects
A: permanent stasis, dig shafts and tunnels, antennae 3, four strong arms
a: Dig


You were in a sewer.
You visited 1 branch of the dungeon, and saw 3 of its levels.
You also visited: Sewer.

You collected 179 gold pieces.

Inventory:

Hand Weapons
 f - a +0 short sword (weapon)
Missiles
 o - a throwing net
Armour
 a - a +0 robe (worn)
 e - a +0 ring mail
 k - a +0 pair of gloves (worn)
 l - a +0 pair of boots (worn)
Scrolls
 c - 4 scrolls of identify {unknown}
 h - 3 scrolls of teleportation {unknown}
 n - a scroll of enchant armour {unknown}
Potions
 b - 2 potions of magic
 d - a potion of cancellation {unknown}
 g - a potion of lignification {unknown}
 i - a potion of enlightenment {unknown}
 j - a potion of haste {unknown}
 m - a potion of heal wounds {unknown}


   Skills:
 + Level 1.3 Fighting
 - Level 1.7 Dodging
 - Level 2.4 Stealth
 + Level 2.5 Spellcasting
 * Level 1.9 Conjurations
 * Level 2.7 Transmutations
 * Level 4.5 Earth Magic


You had 8 spell levels left.
You knew the following spells:

 Your Spells              Type           Power      Damage    Failure   Level
a - Sandblast             Erth           32%        2d9       3%          1

Your spell library contained the following spells:

 Spells                   Type           Power      Damage    Failure   Level
 Passwall                 Tmut/Erth      10%        N/A       7%          2
 Stone Arrow              Conj/Erth      24%        3d8       16%         3
 Petrify                  Tmut/Erth      13%        N/A       41%         4


Dungeon Overview and Level Annotations

Branches:
Dungeon (3/15)              Sewer (1/1)

Altars:


Innate Abilities, Weirdness & Mutations

You cannot be hasted, slowed, berserked, paralysed or teleported.
You can dig through walls and to a lower floor.
You have a pair of large antennae on your head. (SInv)
Your four strong arms can wield two-handed weapons with a shield.


Message History

* * * LOW HITPOINT WARNING * * *
Unknown command.
Aiming: Sandblast (safe; 3% risk of failure)
Press: ? - help, Q - select action, (/) - cycle Shift-Dir - straight line, f - river rat
Aim: a river rat (80% to hit)
The blast of sand hits the river rat!
The river rat is almost dead.
The river rat bites you.
* * * LOW HITPOINT WARNING * * *
The rat barely misses you.
You don't have enough magic to cast this spell.
Unknown command.
You hit the river rat but do no damage.
The river rat is almost dead.
The river rat bites you but does no damage.
The rat barely misses you.
Unknown command.
You closely miss the river rat.
The river rat is almost dead.
The river rat bites you!
* * * LOW HITPOINT WARNING * * *
The rat barely misses you.
Unknown command.
You don't have enough magic to cast this spell.
You closely miss the river rat.
The river rat is almost dead.
The river rat bites you.
* * * LOW HITPOINT WARNING * * *
The rat bites you.
* * * LOW HITPOINT WARNING * * *
Unknown command.
Okay, then.
You hit the river rat but do no damage.
The river rat is almost dead.
The river rat closely misses you. The rat barely misses you.
Unknown command.
You barely miss the river rat.
The river rat is almost dead.
The river rat bites you.
You die...

################
###..≈≈≈≈≈≈≈≈≈≈≈≈≈
##....~≈≈≈≈≈~.~~≈≈~
#.....~≈~≈≈#~~~#≈~~
#....~~~~~~~#~≈~~~~
##....~~~~†~.~≈≈~≈~≈
#.....#~≈≈≈≈≈≈≈≈≈≈≈≈
#.r..###############
#.r@## #..†## #...
#... ##..{ #.., #..
##.


You could see a river rat and a rat.

Vanquished Creatures
  Robin (D:3)
  An adder (D:3)
  2 river rats (Sewer)
  A worm (D:2)
  A dart slug (D:1)
  4 ball pythons
  2 bats
  4 endoplasms
  4 giant cockroaches
  10 goblins
  6 hobgoblins
  10 jackals
  7 kobolds
  4 quokkas
  4 frilled lizards
  13 rats
74 creatures vanquished.

Notes
Turn   | Place    | Note
-------+----------+-------------------------------------------
     0 | D:1      | Bnni the Formicid Earth Elementalist began the quest for
                  | the Orb.
     0 | D:1      | Reached XP level 1. HP: 13/13 MP: 3/3
   168 | D:1      | Reached XP level 2. HP: 19/19 MP: 1/5
   328 | D:1      | HP: 1/20 [jackal (1)]
   332 | D:1      | You fall into a shaft and drop 1 floor!
   448 | D:2      | Reached skill level 4 in Earth Magic
   448 | D:2      | Reached XP level 3. HP: 25/25 MP: 4/6
   539 | D:1      | Found a faded altar of an unknown god.
   544 | D:1      | Reached skill level 1 in Conjurations
  1239 | D:2      | Reached XP level 4. HP: 31/31 MP: 4/7
  1251 | D:2      | Reached skill level 1 in Fighting
  1751 | D:3      | Noticed Robin
  1755 | D:3      | Killed Robin
  1967 | D:3      | Reached XP level 5. HP: 37/37 MP: 3/8
  1976 | D:3      | Found a glowing drain.
  1986 | Sewer    | Entered a sewer
  2168 | Sewer    | Slain by a river rat

Illustrated notes

Levels and vault maps discovered:
D:1:      doesnt_arrival_eight_statues, layout_rooms,
          shapermc_ecumenical_altar_pompeii, serial_bayou_pond_c,
          roderic_serpentine_path, hangedman_abyss_or_decor_lesser_grid,
          minmay_misc_feat_iff
D:2:      layout_basic, minmay_heptomino_h4
D:3:      layout_loops_ring, gup_sewer_entry_bowl, uniq_robin
Sewer:    sewer_minmay_w

Skill      XL: |  1  2  3  4 |
---------------+-------------+-----
Earth Magic    | 4 |  4.5
Conjurations   | 1 |  1.9
Transmutations | 2 |  2.7
Fighting       | 1 |  1.3
Dodging        | |  1.7
Stealth        | |  2.4
Spellcasting   | |  2.5

Action                     |  1- 3 |  4- 6 || total
---------------------------+-------+-------++-------
  Melee: Unarmed           |    35 |       ||    35
         Short sword       |       |    24 ||    24
   Cast: Sandblast         |    56 |    58 ||   114
Ability: Shaft Self        |     1 |       ||     1
 Armour: Robe              |     9 |    14 ||    23
  Dodge: Dodged            |    40 |    35 ||    75

Table legend: (Time is in decaauts)
 A = Elapsed time spent in this place.
 B = Non-inter-level travel time spent in this place.
 C = Inter-level travel time spent in this place.
 D = Time resting spent in this place.
 E = Time spent auto-exploring this place.
 F = Levels seen in this place.
 G = Mean time per level.
                   A        B        C        D        E       F      G
               +--------+--------+--------+--------+--------+-----+--------+
         Total |   2242 |   2232 |     10 |    224 |   1425 |   4 |  560.5 |
       Dungeon |   2039 |   2029 |     10 |    118 |   1392 |   3 |  679.7 |
         Sewer |    202 |    202 |      0 |    106 |     33 |   1 |  202.0 |
               +--------+--------+--------+--------+--------+-----+--------+

Top non-repeatable levels by time:
     D:1: 1016 daAuts
     D:2: 768 daAuts
     D:3: 254 daAuts
   Sewer: 202 daAuts
